 Dungeon Crawl Stone Soup version 0.27-a0-323-gbd089401bb (webtiles) character file.

Game seed: 16136643696287702492

48365 lunkers the Earth Mage (level 14, -6/92 HPs)
             Began as a Gargoyle Earth Elementalist on Feb 10, 2021.
             Was a High Priest of Vehumet.
             Mangled by a boulder beetle (24 damage)
             ... on level 6 of the Lair of Beasts.
             The game lasted 00:43:02 (25396 turns).

lunkers the Earth Mage (GrEE)                      Turns: 25396, Time: 00:43:02

Health: -6/92      AC: 16    Str: 18    XL:     14   Next: 46%
Magic:  5/29       EV: 12    Int: 21    God:    Vehumet [*****.]
Gold:   1440       SH:  4    Dex: 10    Spells: 21/36 levels left

rFire    . . .     SeeInvis .   I - +11 spear "Umeshy" {drain, rC+ Will+ Str+6}
rCold    + . .     Faith    .   k - +0 buckler
rNeg     + . .     Spirit   .   c - +0 robe
rPois    ∞         Reflect  .   R - +1 hat
rElec    +         Harm     .   B - +0 cloak
rCorr    .         Rampage  .   t - +0 pair of gloves
Will     +++..                  V - +0 pair of boots
Stlth    ++........             H - amulet of magic regeneration
HPRegen  0.25/turn              u - ring of willpower
MPRegen  0.46/turn              (no ring)

@: no status effects
A: big wings, negative energy resistance 1, electricity resistance, unbreathing,
petrification resistance, miasma immunity, AC +10
a: Fly, Renounce Religion


You were on level 6 of the Lair of Beasts.
You worshipped Vehumet.
Vehumet was extremely pleased with you.
You visited 3 branches of the dungeon, and saw 18 of its levels.

You collected 1440 gold pieces.

Inventory:

Hand Weapons
 h - a +2 long sword of flaming
 m - a +3 short sword
 I - the +11 spear "Umeshy" (weapon) {drain, rC+ Will+ Str+6}
   (You found it on level 8 of the Dungeon)

   A truly terrible weapon, it drains the life of those it strikes.
   It affects your strength (+6).
   It protects you from cold.
   It affects your willpower, your defense against some magical effects.
 K - the +5 dagger "Conservator" {vorpal, *Slow +Rage +Inv rN++}
   (You found it on level 9 of the Dungeon)

   It inflicts extra damage upon your enemies.
   It greatly protects you from negative energy.
   It lets you turn invisible.
   It lets you go berserk.
   It may slow you when you take damage.
Missiles
 o - 414 stones
Armour
 a - +0 acid dragon scales
 c - a +0 robe (worn)
 k - a +0 buckler (worn)
 t - a +0 pair of gloves (worn)
 B - a +0 cloak (worn)
 P - the +8 chain mail of Carved the Good {Dex+4, unknown}
   (You found it on level 11 of the Dungeon)

   It affects your dexterity (+4).
 R - a +1 hat (worn)
 V - a +0 pair of boots (worn)
Magical Staves
 w - a staff of poison
Jewellery
 b - a ring of flight
 u - a ring of willpower (left hand)
 A - a +4 ring of protection {unknown}
 C - an amulet of regeneration
 H - an amulet of magic regeneration (around neck)
 N - a ring of ice
Wands
 q - a wand of random effects (49)
 x - a wand of flame (64)
 z - a wand of paralysis (9)
 D - a wand of mindburst (38)
 F - a wand of iceblast (17)
 J - a wand of charming (16)
Scrolls
 e - 5 scrolls of fear
 g - 5 scrolls of amnesia
 l - 6 scrolls of identify
 p - 13 scrolls of teleportation
 y - 2 scrolls of enchant weapon
 G - a scroll of fog
Potions
 d - a potion of brilliance
 f - 4 potions of heal wounds
 i - 4 potions of lignification
 j - 10 potions of curing
 n - 2 potions of magic
 r - 8 potions of flight
 s - 3 potions of resistance
 v - 3 potions of mutation
 E - a potion of berserk rage
 O - 3 potions of invisibility
 Q - 2 potions of degeneration {unknown}
 S - 3 potions of ambrosia
 W - 2 potions of haste {unknown}
 X - 2 potions of might
Miscellaneous
 M - a lightning rod (2/4)


   Skills:
 + Level 12.5 Fighting
 - Level 1.5 Dodging
 - Level 2.1 Stealth
 - Level 4.0 Shields
 + Level 11.6 Spellcasting
 - Level 0.7 Transmutations
 * Level 19.5 Earth Magic


You had 21 spell levels left.
You knew the following spells:

 Your Spells              Type           Power        Failure   Level
a - Stone Arrow           Conj/Erth      100%         1%          3
b - Passwall              Tmut/Erth      44%          1%          2
c - Sandblast             Erth           100%         0%          1
d - Lee's Rapid Deconstr  Erth           38%          1%          5
e - Petrify               Tmut/Erth      53%          1%          4

Your spell library contained the following spells:

 Spells                   Type           Power        Failure   Level
 Airstrike                Air            6%           16%         4
 Conjure Flame            Conj/Fire      12%          4%          3
 Mephitic Cloud           Conj/Pois/Air  12%          4%          3
 Animate Skeleton         Necr           24%          5%          1
 Apportation              Tloc           24%          5%          1
 Corona                   Hex            13%          5%          1
 Summon Small Mammal      Summ           48%          5%          1
 Poisonous Vapours        Pois/Air       24%          9%          2
 Freezing Cloud           Conj/Ice/Air   6%           88%         6


Dungeon Overview and Level Annotations

Branches:
Dungeon (11/15)            Temple (1/1) D:5            Lair (6/6) D:11
 Shoals (0/4) Lair:2        Snake (0/4) Lair:3        Slime (0/5) Lair:5
    Orc (0/2) D:9

Altars:
Ashenzari
Cheibriados
Dithmenos
Elyvilon
Fedhas
Gozag
Hepliaklqana
Kikubaaqudgha
Makhleb
Nemelex Xobeh
Okawaru
Qazlal
Ru
Sif Muna
Trog
Uskayaw
Vehumet
Wu Jian
Xom
Yredelemnul
Zin
The Shining One
Jiyva

Shops:
D:8 :[   D:10 (

Annotations:
Lair:4 3 runed translucent doors, Myl Vuom's ghost, journeyman MiFi
Lair:6 2 runed translucent doors


Innate Abilities, Weirdness & Mutations

You are resistant to torment.
Your stone body is resilient. (AC +10)
You are immune to poison.
Your large and strong wings let you fly indefinitely.
You resist negative energy. (rN+)
You are resistant to electric shocks. (rElec)
You can survive without breathing.
You are immune to petrification.
You are immune to miasma.


Message History

Unknown command.
Casting: Sandblast (safe; 0% risk of failure)
Confirm with . or Enter, or press ? or * to list all spells.
Aiming: Sandblast (safe; 0% risk of failure)
Press: ? - help, Shift-Dir - straight line, f/p - boulder beetle
Aim: a boulder beetle (almost dead, lightly drained, 0% to evade)
The blast of sand hits the boulder beetle but does no damage.
The boulder beetle is almost dead.
* * * LOW MAGIC WARNING * * *
The boulder beetle bites you!
* * * LOW HITPOINT WARNING * * *
Casting: Sandblast (safe; 0% risk of failure)
Confirm with . or Enter, or press ? or * to list all spells.
Aiming: Sandblast (safe; 0% risk of failure)
Press: ? - help, Shift-Dir - straight line, f/p - boulder beetle
Aim: a boulder beetle (almost dead, lightly drained, 0% to evade)
The blast of sand hits the boulder beetle but does no damage.
The boulder beetle is almost dead.
* * * LOW MAGIC WARNING * * *
You block the boulder beetle's attack.
Unknown command.
The boulder beetle curls into a ball and begins rolling!
A komodo dragon comes into view.
The komodo dragon hisses angrily.
The komodo dragon bites the plant.
The plant begins to die.
The boulder beetle hits you!!
* * * LOW HITPOINT WARNING * * *
The boulder beetle stops rolling and uncurls.
Found 25 gold pieces.
Aiming: Mindburst
Press: ? - help, Shift-Dir - straight line, f/p - boulder beetle
Aim: a boulder beetle (severely wounded, lightly drained, chance to affect: 50%)
The boulder beetle resists with significant effort.
The boulder beetle curls into a ball and begins rolling!
Aiming: Mindburst
Press: ? - help, Shift-Dir - straight line, f/p - boulder beetle
Aim: a boulder beetle (severely wounded, lightly drained, chance to affect: 50%)
The boulder beetle resists with significant effort.
The boulder beetle hits you!!
You die...

..P# ... .l..## #
###.#. #....P#.
P#.#..
P...P.#####......
##l...P......#
#.#......†.#
#...○#○.###
#..B.##.##
###.@....P##
#....#.....#
#...#......#
#...#......##
##..#.......#
#...##....###
#..# #....##
##..####.#..#
#....##P..####


You could see a boulder beetle (drained) and a komodo dragon.

Vanquished Creatures
  Erolcha (D:11)
  The ghost of Duaji the Blocker, a journeyman GrFi of Okawaru (Lair:2)
  6 hydras
  2 boulder beetles
  A catoblepas (Lair:1)
  Harold (D:6)
  A two-headed ogre (D:11)
  Nergalle (Lair:4)
  A skeletal warrior (D:11)
  2 unseen horrors
  2 lindwurms
  An oklob plant (D:11)
  An orc knight (D:11)
  5 black mambas
  6 elephants (Lair:5)
  3 molten gargoyles (Lair:6)
  3 rime drakes
  13 cane toads
  Joseph (D:7)
  2 gargoyles (D:11)
  Maggie (D:7)
  11 komodo dragons
  A hornet (Lair:2)
  3 polar bears
  Prince Ribbit (D:7)
  14 blink frogs
  7 dream sheep (Lair:5)
  A snapping turtle (Lair:2)
  A meliai zombie (D:11)
  A vampire (D:11)
  18 yaks
  A shadow (D:11)
  A spriggan (Lair:2)
  A wraith (D:10)
  7 wyverns
  2 basilisks
  2 steam dragons (Lair:6)
  A warg (D:9)
  A soldier ant (D:11)
  12 water moccasins
  3 hell hounds (Lair:6)
  A hornet zombie (D:9)
  A sky beast (D:6)
  7 orc warriors
  An eye of draining (D:11)
  11 ice beasts
  3 black bears
  A necrophage (D:11)
  A boggart (shapeshifter) (D:11)
  36 wolves (Lair:2)
  4 ogres
  6 centaurs
  A phantom (D:4)
  3 kobold brigands
  15 bullfrogs
  A wyvern zombie (D:7)
  7 jellies
  A water moccasin zombie (D:11)
  3 scorpions
  A water moccasin skeleton (D:10)
  10 killer bees
  8 wights
  6 howler monkeys
  An electric eel (Lair:1)
  5 lava snakes (Lair:6)
  2 bullfrog zombies
  2 centaur zombies
  5 hounds
  2 quasits
  3 bullfrog skeletons
  3 orc priests
  2 centaur skeletons
  Ijyb (D:4)
  Natasha (thrice) (D:2)
  4 iguanas
  10 orc wizards
  7 hell rats (Lair:3)
  7 worker ants
  2 hound zombies
  3 hound skeletons
  Robin (D:2)
  A gnoll (D:1)
  15 adders
  A shadow imp (D:6)
  2 white imps
  2 ufetubi (D:7)
  2 oozes
  An adder skeleton (D:4)
  An adder zombie (D:8)
  A dart slug (D:1)
  7 leopard geckos
  33 orcs
  5 bats
  5 giant cockroaches
  13 goblins
  11 hobgoblins
  4 jackals
  A quokka (D:6)
  2 frilled lizards
  A jackal skeleton (D:5)
  25 kobolds
  A leopard gecko zombie (D:6)
  2 quokka skeletons
  12 rats
483 creatures vanquished.

Vanquished Creatures (others)
  25 fungi
  50 plants
75 creatures vanquished.

Grand Total: 558 creatures vanquished

Notes
Turn   | Place    | Note
-------+----------+-------------------------------------------
     0 | D:1      | lunkers the Gargoyle Earth Elementalist began the quest for
                  | the Orb.
     0 | D:1      | Reached XP level 1. HP: 10/10 MP: 3/3
   113 | D:1      | Reached skill level 4 in Earth Magic
   323 | D:1      | Reached XP level 2. HP: 15/15 MP: 3/5
   578 | D:1      | Reached XP level 3. HP: 19/19 MP: 4/6
  1596 | D:2      | Noticed Natasha
  1599 | D:2      | Killed Natasha
  1600 | D:2      | Reached skill level 5 in Earth Magic
  1600 | D:2      | Reached XP level 4. HP: 24/24 MP: 3/8
  2040 | D:2      | Noticed Natasha
  2045 | D:2      | Killed Natasha
  2130 | D:2      | Reached XP level 5. HP: 26/28 MP: 9/9
  2141 | D:2      | Noticed Robin
  2152 | D:2      | Killed Robin
  2157 | D:2      | Reached skill level 6 in Earth Magic
  2204 | D:2      | Learned a level 2 spell: Passwall
  2208 | D:2      | Learned a level 3 spell: Stone Arrow
  2217 | D:2      | Noticed Natasha
  2221 | D:2      | Killed Natasha
  2857 | D:3      | You fall into a shaft and drop 1 floor!
  2858 | D:4      | Noticed an ogre
  2882 | D:4      | Reached skill level 1 in Shields
  2889 | D:4      | Reached XP level 6. HP: 14/32 MP: 2/11
  2916 | D:4      | Reached skill level 7 in Earth Magic
  3206 | D:4      | Reached XP level 7. HP: 36/36 MP: 0/13
  4411 | D:4      | Reached skill level 8 in Earth Magic
  4510 | D:4      | Noticed Ijyb
  4519 | D:4      | Paralysed by Ijyb for 4 turns
  4528 | D:4      | Paralysed by Ijyb for 4 turns
  4532 | D:4      | Killed Ijyb
  4644 | D:5      | Entered Level 5 of the Dungeon
  4896 | D:5      | Found a staircase to the Ecumenical Temple.
  5030 | Temple   | Entered the Ecumenical Temple
  5042 | Temple   | Became a worshipper of Vehumet
  5304 | D:5      | Found a sparkling altar of Nemelex Xobeh.
  5510 | D:5      | Reached XP level 8. HP: 41/41 MP: 1/14
  5835 | D:6      | Found a snail-covered altar of Cheibriados.
  6185 | D:6      | Reached skill level 1 in Fighting
  6534 | D:6      | Reached skill level 9 in Earth Magic
  7446 | D:7      | Reached skill level 5 in Spellcasting
  7612 | D:7      | Noticed Prince Ribbit
  7796 | D:7      | Noticed Harold
  8050 | D:6      | Reached skill level 10 in Earth Magic
  8174 | D:6      | Killed Harold
  8175 | D:6      | Reached XP level 9. HP: 23/52 MP: 4/18
  8358 | D:7      | Reached skill level 11 in Earth Magic
  8468 | D:7      | Killed Prince Ribbit
  8567 | D:7      | Noticed Maggie
  8574 | D:7      | Killed Maggie
  8575 | D:7      | Reached skill level 5 in Fighting
  8824 | D:7      | Reached * piety under Vehumet
  8824 | D:7      | Offered knowledge of Foxfire by Vehumet.
  9122 | D:7      | Noticed Joseph
  9132 | D:7      | Killed Joseph
  9251 | D:7      | Reached skill level 12 in Earth Magic
  9255 | D:7      | Reached XP level 10. HP: 59/59 MP: 7/20
  9958 | D:8      | Found Nuoblic's Armour Shoppe.
 10248 | D:8      | Found a shadowy altar of Dithmenos.
 10257 | D:8      | Got a pitted spear
 10263 | D:8      | Identified the +11 spear "Umeshy" {drain, rC+ Will+ Str+6}
                  | (You found it on level 8 of the Dungeon)
 10319 | D:8      | Found an ornate altar of the Wu Jian Council.
 10326 | D:8      | You fall into a shaft and drop 1 floor!
 10520 | D:8      | Found Lezus's Book Emporium.
 10991 | D:9      | Got a fine dagger
 10992 | D:9      | Identified the +5 dagger "Conservator" {vorpal, *Slow +Rage
                  | +Inv rN++} (You found it on level 9 of the Dungeon)
 11032 | D:9      | Found a staircase to the Orcish Mines.
 11362 | D:9      | Learned a level 5 spell: Lee's Rapid Deconstruction
 11367 | D:9      | Learned a level 4 spell: Petrify
 11399 | D:9      | Reached ** piety under Vehumet
 11400 | D:9      | Reached skill level 13 in Earth Magic
 11675 | D:9      | Offered knowledge of Freeze by Vehumet.
 11815 | D:10     | Entered Level 10 of the Dungeon
 11826 | D:10     | Killed an unseen horror
 12226 | D:10     | Found Yrgheoph's Weapon Shop.
 12624 | D:10     | Reached XP level 11. HP: 67/67 MP: 13/22
 13090 | D:10     | Offered knowledge of Dazzling Flash by Vehumet.
 13093 | D:10     | Reached skill level 14 in Earth Magic
 13560 | D:10     | Reached *** piety under Vehumet
 13716 | D:11     | Got an ancient chain mail
 13846 | D:11     | Found a staircase to the Lair.
 13847 | D:11     | Noticed an oklob plant
 13991 | D:11     | Offered knowledge of Olgreb's Toxic Radiance by Vehumet.
 14190 | D:11     | Found a stormy altar of Qazlal.
 14239 | D:11     | Killed an unseen horror
 14374 | D:11     | Noticed a skeletal warrior
 14382 | D:11     | Killed a skeletal warrior
 14495 | D:11     | Noticed an orc knight
 14512 | D:11     | Killed an orc knight
 14722 | D:11     | Reached skill level 15 in Earth Magic
 14874 | D:11     | Noticed a two-headed ogre
 14881 | D:11     | Killed a two-headed ogre
 14982 | D:11     | Reached **** piety under Vehumet
 15032 | D:11     | Offered knowledge of Static Discharge by Vehumet.
 15113 | D:11     | Noticed Erolcha
 15155 | D:11     | Killed Erolcha
 15156 | D:11     | Reached XP level 12. HP: 76/76 MP: 18/25
 15737 | Lair:1   | Entered Level 1 of the Lair of Beasts
 16672 | Lair:1   | Reached skill level 16 in Earth Magic
 16692 | Lair:2   | Noticed a seven-headed hydra
 16907 | Lair:2   | Noticed a catoblepas
 16917 | Lair:1   | Killed a catoblepas
 17233 | Lair:2   | Killed a seven-headed hydra
 17234 | Lair:2   | Reached skill level 10 in Fighting
 17258 | Lair:2   | Noticed a six-headed hydra
 17895 | Lair:2   | Found a runed translucent door.
 17896 | Lair:2   | Noticed Duaji's ghost (journeyman GrFi)
 18037 | Lair:2   | Reached ***** piety under Vehumet
 18037 | Lair:2   | Offered knowledge of Hailstorm by Vehumet.
 18336 | Lair:2   | Killed a six-headed hydra
 18337 | Lair:2   | Reached skill level 10 in Spellcasting
 18412 | Lair:2   | Reached skill level 17 in Earth Magic
 18557 | Lair:2   | Reached XP level 13. HP: 80/83 MP: 9/27
 18637 | Lair:2   | Found a staircase to the Shoals.
 19558 | Lair:2   | Killed Duaji's ghost
 20188 | Lair:3   | Found a staircase to the Snake Pit.
 20818 | Lair:4   | Noticed Nergalle
 20824 | Lair:4   | Killed Nergalle
 20825 | Lair:4   | Reached skill level 18 in Earth Magic
 21133 | Lair:4   | Found a runed translucent gate.
 21133 | Lair:4   | Found a runed translucent gate.
 21133 | Lair:4   | Found a runed translucent gate.
 21136 | Lair:4   | Noticed a death ooze
 21137 | Lair:4   | Noticed Myl Vuom's ghost (journeyman MiFi)
 21140 | Lair:4   | Found a viscous altar of Jiyva.
 23153 | Lair:5   | Found a staircase to the Slime Pits.
 23212 | Lair:5   | Gained mutation: Your large and strong wings let you fly
                  | indefinitely. [Gargoyle growth]
 23212 | Lair:5   | Reached XP level 14. HP: 77/92 MP: 10/29
 23564 | Lair:6   | Entered Level 6 of the Lair of Beasts
 23774 | Lair:6   | Reached skill level 19 in Earth Magic
 24800 | Lair:6   | Offered knowledge of Airstrike by Vehumet.
 24842 | Lair:6   | Found a large runed translucent door.
 24844 | Lair:6   | Found a large runed translucent door.
 25396 | Lair:6   | Mangled by a boulder beetle

Illustrated notes

Levels and vault maps discovered:
D:1:      dpeg_arrival_more_subterranean_lakeside_camping, layout_loops_corners,
          kennysheep_small_spiral, minmay_pentomino_x4
D:2:      layout_loops_ring, uniq_robin, uniq_natasha
D:3:      layout_rooms
D:4:      layout_gridville, serial_bayou, serial_bayou_shore_b,
          serial_bayou_crossing, serial_bayou_pond_a, serial_bayou_ford_a,
          uniq_ijyb
D:5:      layout_basic, minmay_temple_entry_slanted,
          chequers_serial_rivers_micro_b, nemelex_lonely_heart_becter
D:6:      layout_layer_cave, portal_sewer_entry_d, cheibriados_altar_1
D:7:      layout_gridville, bh_walls_and_bars, uniq_harold, uniq_prince_ribbit1,
          uniq_maggie, uniq_joseph
D:8:      layout_basic, grunt_dithmenos_smoke_and_mirrors, serial_shops, shop,
          shop, basic_altar, minivault_22
D:9:      layout_loops_ring, david_orc_1_choice
D:10:     layout_grid_maze, serial_shops, nicolae_shop_trees,
          corexii_hall_statues_u
D:11:     cheibrodos_ideogram_h, layout_basic, dpeg_oklobed_lair, minivault_10,
          nicolae_qazlal_style_of_elements, uniq_erolcha
Temple:   nicolae_temple_the_god_donut
Lair:1:   layout_regular_city, gammafunk_lair_bear_cave, serial_bayou_shore_a
Lair:2:   layout_layer_cave, minmay_shoals_entry_hut,
          ebering_ghost_reflecting_pool, grunt_forest_large_clearings,
          grunt_megastairs_5, infiniplex_staircase_pool_2
Lair:3:   layout_regular_city, dummy_snake_entry
Lair:4:   layout_small_grid, gammafunk_ghost_ooze, infiniplex_staircase_pool,
          uniq_nergalle
Lair:5:   layout_cave_pods, nicolae_slime_entry_slimehenge,
          portal_ice_cave_entry_ice_beasts, grunt_megastairs_2
Lair:6:   cheibrodos_lair_end_hotspot, layout_cave_pods

Skill      XL: |  1  2  3  4  5  6  7  8  9 10 11 12 13 14 |
---------------+-------------------------------------------+-----
Earth Magic    | 4 5 6 7 8 10 12 13 15 17 18 19 | 19.5
Spellcasting   | 3 4 6 7 9 10 11 | 11.6
Shields        | 1 2 3 4 |  4.0
Fighting       | 4 5 7 9 10 12 | 12.5
Dodging        | |  1.5
Stealth        | |  2.1
Transmutations | |  0.7

Action                   |  1- 3 |  4- 6 |  7- 9 | 10-12 | 13-15 || total
-------------------------+-------+-------+-------+-------+-------++-------
Melee: Unarmed           |     3 |     2 |       |       |       ||     5
       Short sword       |       |   102 |   117 |       |       ||   219
       Spear             |       |       |       |    52 |    17 ||    69
       Long sword        |       |       |       |     2 |       ||     2
 Cast: Sandblast         |    41 |    37 |    18 |    22 |     9 ||   127
       Stone Arrow       |       |    12 |   107 |   404 |   373 ||   896
       Lee's Rapid Decon |       |       |       |     8 |     8 ||    16
       Petrify           |       |       |       |     1 |       ||     1
       Passwall          |       |       |       |     1 |       ||     1
Evoke: Wand              |       |       |       |     1 |     6 ||     7
       Lightning rod     |       |       |       |       |     4 ||     4
  Use: Scroll            |       |       |     5 |     6 |    10 ||    21
       Potion            |       |       |     1 |       |       ||     1
 Stab: Sleeping          |       |     2 |     1 |       |       ||     3
Armor: Robe              |     7 |    47 |    97 |   119 |    62 ||   332
Dodge: Dodged            |    11 |    65 |    89 |   165 |    81 ||   411
Block: Buckler           |       |    16 |    31 |    60 |    31 ||   138
       Rpst.: Long sword |       |       |     1 |     3 |       ||     4

Table legend: (Time is in decaauts)
 A = Elapsed time spent in this place.
 B = Non-inter-level travel time spent in this place.
 C = Inter-level travel time spent in this place.
 D = Time resting spent in this place.
 E = Time spent auto-exploring this place.
 F = Levels seen in this place.
 G = Mean time per level.
                   A        B        C        D        E       F      G
               +--------+--------+--------+--------+--------+-----+--------+
         Total |  25498 |  24578 |    920 |   1959 |  19135 |  18 | 1416.6 |
       Dungeon |  15557 |  14786 |    771 |    938 |  11532 |  11 | 1414.3 |
        Temple |    251 |    237 |     14 |      0 |    236 |   1 |  251.0 |
          Lair |   9689 |   9555 |    134 |   1021 |   7367 |   6 | 1614.8 |
               +--------+--------+--------+--------+--------+-----+--------+

Top non-repeatable levels by time:
  Lair:2: 2246 daAuts
    D:11: 2009 daAuts
    D:10: 1920 daAuts
     D:6: 1850 daAuts
  Lair:6: 1832 daAuts
  Lair:1: 1819 daAuts
     D:7: 1802 daAuts
  Lair:5: 1748 daAuts
     D:1: 1598 daAuts
     D:4: 1348 daAuts
     D:9: 1297 daAuts
  Lair:4: 1081 daAuts
     D:2: 1026 daAuts
     D:5: 968 daAuts
  Lair:3: 960 daAuts
